 Dungeon Crawl Stone Soup version 0.27-a0-40-g5f2be0e231 (webtiles) character file.

Game seed: 10819919240328886672

568 sahdkjhfkaj the Thaumaturge (level 7, -3/36 HPs)
             Began as a Deep Elf Hedge Wizard on Jan 6, 2021.
             Was a Follower of Sif Muna.
             Slain by a gnoll shaman
             ... wielding a cursed +0 club
              (11 damage)
             ... on level 4 of the Dungeon.
             The game lasted 00:05:43 (6680 turns).

sahdkjhfkaj the Thaumaturge (Deep Elf Hedge Wizard) Turns: 6680, Time: 00:05:44

Health: -3/36      AC:  4    Str:  7    XL:     7   Next: 11%
Magic:  13/20      EV: 13    Int: 21    God:    Sif Muna [*.....]
Gold:   161        SH:  0    Dex: 14    Spells: 11/22 levels left

rFire    . . .     SeeInvis .   a - +0 dagger
rCold    . . .     Faith    +   (no shield)
rNeg     . . .     Spirit   .   b - +0 robe
rPois    .         Reflect  .   c - +0 hat
rElec    .         Harm     .   (no cloak)
rCorr    .         Rampage  .   p - +0 pair of gloves
Will     .....                  q - +0 pair of boots
Stlth    ++........             r - amulet of faith
HPRegen  0.12/turn              (no ring)
MPRegen  0.17/turn              (no ring)

@: no status effects
A: no striking features
a: Renounce Religion, Channel Magic


You were on level 4 of the Dungeon.
You worshipped Sif Muna.
Sif Muna was aware of your devotion.
You visited 1 branch of the dungeon, and saw 4 of its levels.

You collected 161 gold pieces.

Inventory:

Hand Weapons
 a - a +0 dagger (weapon)
Armour
 b - a +0 robe (worn)
 c - a +0 hat (worn)
 p - a +0 pair of gloves (worn)
 q - a +0 pair of boots (worn)
Jewellery
 r - an amulet of faith (around neck)
Wands
 u - a wand of flame (13)
Scrolls
 d - 3 scrolls of remove curse
 e - 2 scrolls of fog
 g - a scroll of amnesia
 h - 2 scrolls of immolation
 i - 3 scrolls of teleportation {!r}
 n - 4 scrolls of enchant armour
 s - a scroll of magic mapping {unknown}
 t - a scroll of random uselessness {unknown}
Potions
 f - 2 potions of berserk rage {unknown}
 j - a potion of haste {unknown}
 k - 2 potions of curing {unknown}
 l - 2 potions of ambrosia
 m - a potion of heal wounds {unknown}
 o - a potion of attraction {unknown}


   Skills:
 - Level 3.0 Dodging
 - Level 3.0 Stealth
 + Level 8.2 Spellcasting
 - Level 5.0 Conjurations
 - Level 2.0 Summonings
 - Level 2.0 Translocations


You had 11 spell levels left.
You knew the following spells:

 Your Spells              Type           Power        Failure   Level
a - Magic Dart            Conj           100%         1%          1
c - Conjure Flame         Conj/Fire      19%          9%          3
d - Mephitic Cloud        Conj/Pois/Air  15%          12%         3
B - Blink                 Tloc           N/A          5%          2
C - Call Imp              Summ           17%          5%          2

Your spell library contained the following spells:

 Spells                   Type           Power        Failure   Level
 Slow                     Hex            8%           12%         2


Dungeon Overview and Level Annotations

Branches:
Dungeon (4/15)
 Temple: D:4-7

Altars:
Sif Muna

Shops:
D:4 =


Message History

You easily resist.
The gnoll hits you with a cursed -3 flail.
* * * LOW HITPOINT WARNING * * *
Casting: Magic Dart (safe; 1% risk of failure)
Confirm with . or Enter, or press ? or * to list all spells.
Aiming: Magic Dart (safe; 1% risk of failure)
Press: ? - help, Shift-Dir - straight line, f/p - gnoll
Aim: a gnoll (severely wounded, 0% to evade)
The magic dart hits the gnoll.
The gnoll is almost dead.
The gnoll closely misses you.
The gnoll shaman hits you but does no damage.
Casting: Magic Dart (safe; 1% risk of failure)
Confirm with . or Enter, or press ? or * to list all spells.
You blink.
Casting: Blink (safe; 5% risk of failure)
Confirm with . or Enter, or press ? or * to list all spells.
You blink.
The gnoll shaman hits you with a cursed +0 club!
You die...

##.....# #.# #.# #.# #.
.......###########[####'####.# #.
............................>###.
##.....###########.###.........#.
####+#.###########.###.....(.#.#.
....................##.......#.#.
##............g.§#..##.......#.#.
#..∩...######...g...###+#'##.#.#)
#.............g.@...# #.#.##.#...
....................# #.#.##.###)
.............§......# #.#.##....)
....................# #.#.######.
..####..............# #.#.# ##
..# #..............# #.#.#
....##..........###.###.#.#
....#########+###....##.#.# #...#
###..##.......#


You could see a gnoll shaman and 2 gnolls.

Vanquished Creatures
  An ogre (D:4)
  A hound (D:4)
  A jelly (D:3)
  Ijyb (D:4)
  Terence (D:3)
  2 orc wizards (D:3)
  11 gnolls
  2 adders
  7 oozes (D:3)
  A worm (D:2)
  2 dart slugs (D:3)
  6 leopard geckos
  9 orcs
  9 bats
  4 giant cockroaches
  4 hobgoblins
  7 jackals
  17 kobolds
  2 quokkas
  A ball python (D:1)
  3 frilled lizards
  3 goblins (D:1)
  7 rats
102 creatures vanquished.

Vanquished Creatures (collateral kills)
  A centaur (D:3)
1 creature vanquished.

Vanquished Creatures (others)
  11 toadstools (D:3)
11 creatures vanquished.

Grand Total: 114 creatures vanquished

Notes
Turn   | Place    | Note
-------+----------+-------------------------------------------
     0 | D:1      | sahdkjhfkaj the Deep Elf Hedge Wizard began the quest for
                  | the Orb.
     0 | D:1      | Reached XP level 1. HP: 10/10 MP: 7/7
   330 | D:1      | Reached XP level 2. HP: 10/15 MP: 0/9
   333 | D:1      | Learned a level 2 spell: Blink
   336 | D:1      | Learned a level 2 spell: Call Imp
   694 | D:1      | Reached skill level 5 in Spellcasting
  1092 | D:1      | Reached XP level 3. HP: 19/19 MP: 8/11
  1848 | D:2      | Learned a level 3 spell: Conjure Flame
  1852 | D:2      | Learned a level 3 spell: Mephitic Cloud
  1920 | D:2      | Reached XP level 4. HP: 24/24 MP: 0/13
  2576 | D:3      | Noticed a centaur
  2974 | D:3      | Killed a centaur
  2975 | D:3      | Reached XP level 5. HP: 8/28 MP: 1/14
  3809 | D:3      | Noticed Terence
  3823 | D:3      | Killed Terence
  3966 | D:3      | Reached skill level 5 in Conjurations
  4056 | D:3      | Found a shimmering blue altar of Sif Muna.
  4283 | D:3      | Reached XP level 6. HP: 30/32 MP: 2/16
  4491 | D:3      | Became a worshipper of Sif Muna the Loreminder
  5162 | D:3      | Reached skill level 6 in Spellcasting
  5490 | D:4      | Reached skill level 7 in Spellcasting
  6159 | D:4      | Noticed Ijyb
  6167 | D:4      | Killed Ijyb
  6168 | D:4      | Reached XP level 7. HP: 28/36 MP: 12/20
  6370 | D:4      | Found Nymet's Jewellery Emporium.
  6390 | D:4      | Reached skill level 8 in Spellcasting
  6397 | D:4      | Reached * piety under Sif Muna
  6680 | D:4      | Slain by a gnoll shaman

Illustrated notes

Levels and vault maps discovered:
D:1:      dpeg_arrival_round_a, layout_loops_corners, minmay_misc_feat_five
D:2:      layout_basic, chequers_serial_rivers_room_a
D:3:      cheibrodos_fertilizer, layout_loops_ring, moated_statue,
          minmay_misc_feat_alley, tgw_sif, uniq_terence
D:4:      layout_basic, serial_shops, shop, serial_bayou_pond_a,
          grunt_decor_clamped, grunt_ministairs_12, uniq_ijyb

Skill      XL: |  1  2  3  4  5  6  7 |
---------------+----------------------+-----
Dodging        | 3 |  3.0
Spellcasting   | 5 7 8 |  8.2
Conjurations   | 2 3 5 |  5.0
Summonings     | 2 |  2.0
Translocations | 2 |  2.0
Stealth        | 3 |  3.0

Action                   |  1- 3 |  4- 6 |  7- 9 || total
-------------------------+-------+-------+-------++-------
Melee: Dagger            |     6 |     3 |    12 ||    21
 Cast: Magic Dart        |    92 |   204 |    36 ||   332
       Blink             |       |     4 |     2 ||     6
       Call Imp          |       |     2 |       ||     2
       Conjure Flame     |       |     1 |       ||     1
  Use: Scroll            |     1 |     6 |       ||     7
Armor: Robe              |     7 |     8 |     3 ||    18
Dodge: Dodged            |    20 |    55 |    26 ||   101

Table legend: (Time is in decaauts)
 A = Elapsed time spent in this place.
 B = Non-inter-level travel time spent in this place.
 C = Inter-level travel time spent in this place.
 D = Time resting spent in this place.
 E = Time spent auto-exploring this place.
 F = Levels seen in this place.
 G = Mean time per level.
                   A        B        C        D        E       F      G
               +--------+--------+--------+--------+--------+-----+--------+
         Total |   6684 |   6211 |    473 |    895 |   4690 |   4 | 1671.0 |
       Dungeon |   6684 |   6211 |    473 |    895 |   4690 |   4 | 1671.0 |
               +--------+--------+--------+--------+--------+-----+--------+

Top non-repeatable levels by time:
     D:3: 2616 daAuts
     D:1: 1532 daAuts
     D:2: 1404 daAuts
     D:4: 1130 daAuts
